 Dungeon Crawl Stone Soup version 0.31-a0-1144-g99969ba1bc (webtiles) character file.

Game seed: 6737202809399678905

199036 inmateoo the Impaler (level 17, -26/121 HPs)
             Began as a Demonspawn Gladiator on Dec 5, 2023.
             Was the Champion of Hepliaklqana.
             Killed from afar by an ironbound thunderhulk (53 damage)
             ... with a bolt of lightning
             ... on level 1 of the Vaults on Dec 6, 2023.
             The game lasted 00:53:54 (38473 turns).

inmateoo the Impaler (Demonspawn Gladiator)        Turns: 38473, Time: 00:53:55

Health: -26/121    AC: 18    Str: 21    XL:     17   Next: 83%
Magic:  0/26       EV: 18    Int:  9    God:    Hepliaklqana [******]
Gold:   2964       SH:  9    Dex: 16    Spells: 12/28 levels left

rFire   . . .        a - +9 trident (vamp)
rCold   + + .        N - +2 buckler {rC+}
rNeg    . . .        S - +0 scale mail of Essopelo {rC+ Regen+ rCorr}
rPois   +            (helmet unavailable)
rElec   .            s - +2 cloak
rCorr   +            K - +1 pair of gloves of Ynynwolys {Contam +Blink rCorr}
SInv    +            h - +2 pair of boots
Will    ++...        J - amulet of regeneration
Stlth   +            E - ring of willpower
HPRegen 2.00/turn    Q - ring of poison resistance
MPRegen 0.40/turn

%: guardian spirit
@: studying Shields
A: reduced essence, antennae 3, demonic guardian 2, magic shield, magic
regeneration, sturdy frame 3, talons 1
}: 1/15 runes: gossamer
a: Renounce Religion, Evoke Blink, Recall Ancestor, Ancestor Identity,
Transference, Idealise


You were on level 1 of the Vaults.
You worshipped Hepliaklqana.
Hepliaklqana was exalted by your worship.
You visited 6 branches of the dungeon, and saw 28 of its levels.
You also visited: Sewer, Bailey, Ice Cave and Volcano.

You collected 3775 gold pieces.
You spent 811 gold pieces at shops.

Inventory:

Hand Weapons
 a - a +9 vampiric trident (weapon)
 G - a +2 demon trident of draining
Missiles
 d - 6 throwing nets (quivered)
 e - a javelin
Armour
 h - a +2 pair of boots (worn)
 m - a +3 ring mail of fire resistance
 s - a +2 cloak (worn)
 w - a +2 leather armour of poison resistance
 K - the +1 pair of gloves of Ynynwolys (worn) {Contam +Blink rCorr}
   (You acquired it on level 15 of the Dungeon)

   +Blink:    It lets you blink.
   Contam:    It causes magical contamination when unequipped.
   rCorr:     It protects you from acid and corrosion.
 N - a +2 buckler of cold resistance (worn)
 S - the +0 scale mail of Essopelo (worn) {rC+ Regen+ rCorr}
   (You found it on level 4 of the Lair of Beasts)

   rC+:       It protects you from cold.
   Regen+:    It increases your rate of health regeneration.
   rCorr:     It protects you from acid and corrosion.
Jewellery
 x - a ring of protection from cold
 E - a ring of willpower (left hand)
 J - an amulet of regeneration (around neck)
 L - a +4 ring of protection
 Q - a ring of poison resistance (right hand)
Wands
 c - a wand of charming (24)
 n - a wand of mindburst (37)
 q - a wand of polymorph (20)
 t - a wand of digging (19)
 D - a wand of iceblast (17)
Scrolls
 j - 3 scrolls of fog
 o - 3 scrolls of immolation
 y - 5 scrolls of enchant armour
 H - 7 scrolls of teleportation
 I - a scroll of blinking
 M - 2 scrolls of revelation
 P - 4 scrolls of fear
 R - 4 scrolls of poison
 T - a scroll of vulnerability
 V - 4 scrolls of identify
Potions
 b - 8 potions of haste
 f - 4 potions of might
 g - 7 potions of enlightenment
 i - 10 potions of curing
 k - 4 potions of heal wounds
 l - 2 potions of berserk rage
 p - 5 potions of cancellation
 u - 2 potions of magic
 v - 6 potions of ambrosia
 z - 7 potions of mutation
 A - 4 potions of attraction
 B - 5 potions of invisibility
 C - 6 potions of lignification
 F - 3 potions of brilliance
 O - 3 potions of resistance


   Skills:
 + Level 12.7 Fighting
 * Level 16.1 Polearms
 - Level 1.7 Throwing
 + Level 11.4 Armour
 + Level 11.7 Dodging
 + Level 11.1 Shields
 + Level 6.2 Spellcasting
 - Level 5.0 Summonings
 - Level 5.0 Fire Magic
 - Level 5.0 Air Magic
 + Level 4.9 Earth Magic
 - Level 6.0 Poison Magic
 + Level 13.1 Invocations


You had 12 spell levels left.
You knew the following spells:

 Your Spells              Type           Power      Damage    Failure   Level
a - Olgreb's Toxic Radia  Pois           13%        N/A       24%         4
b - Ignite Poison         Fire/Tmut/Pois 9%         N/A       19%         3
c - Summon Lightning Spi  Summ/Air       11%        N/A       34%         4
d - Borgnjor's Vile Clut  Necr/Erth      3%         N/A       95%         5

Your spell library contained the following spells:

 Spells                   Type           Power      Damage    Failure   Level
 Summon Small Mammal      Summ           44%        N/A       3%          1
 Cigotuvi's Dreadful Rot  Necr/Pois/Air  18%        N/A       10%         2
 Call Canine Familiar     Summ           11%        N/A       11%         3
 Apportation              Tloc           4%         N/A       28%         1
 Magic Dart               Conj           8%         1d3       28%         1
 Necrotise                Necr           8%         1d4       28%         1
 Inner Flame              Hex/Fire       7%         N/A       30%         3
 Stone Arrow              Conj/Erth      14%        3d7       30%         3
 Summon Guardian Golem    Hex/Summ       7%         N/A       30%         3
 Animate Armour           Summ/Erth      22%        N/A       34%         4
 Jinxbite                 Hex            4%         N/A       38%         2
 Searing Ray              Conj           4%         2d4       38%         2
 Sublimation of Blood     Necr           2%         N/A       38%         2
 Frozen Ramparts          Ice            4%         1d1       63%         3
 Gell's Gravitas          Tloc           2%         N/A       63%         3
 Hailstorm                Conj/Ice       2%         3d5       63%         3
 Sigil of Binding         Hex            2%         N/A       63%         3
 Teleport Other           Tloc           2%         N/A       63%         3
 Leda's Liquefaction      Hex/Erth       3%         N/A       69%         4
 Petrify                  Tmut/Erth      7%         N/A       69%         4
 Summon Ice Beast         Ice/Summ       7%         N/A       69%         4
 Lee's Rapid Deconstruct  Erth           5%         3d6*      69%         5
 Alistair's Intoxication  Tmut/Pois      5%         N/A       92%         5
 Animate Dead             Necr           2%         N/A       95%         4
 Cause Fear               Hex            1%         N/A       95%         4
 Dimensional Bullseye     Hex/Tloc       1%         N/A       95%         4
 Fulminant Prism          Conj/Hex       1%         3d5       95%         4
 Fireball                 Conj/Fire      3%         3d4       95%         5
 Freezing Cloud           Conj/Ice/Air   2%         6-21      98%         5
 Irradiate                Conj/Tmut      1%         3d12      100%        5
 Iskenderun's Battlesphe  Conj           2%         2d6       100%        5
 Metabolic Englaciation   Hex/Ice        1%         N/A       100%        5
 Yara's Violent Unravell  Hex/Tmut       1%         3d3       100%        5
 Bombard                  Conj/Erth      3%         9d1       100%        6
 Death Channel            Necr           1%         N/A       100%        6
 Dispersal                Tloc           1%         N/A       100%        6
 Simulacrum               Ice/Necr       1%         N/A       100%        6
 Enfeeble                 Hex            1%         N/A       100%        7
 Spellforged Servitor     Conj/Summ      3%         N/A       100%        7
 Discord                  Hex            1%         N/A       100%        8
 Ignition                 Fire           5%         3d4       100%        8
 Lehudib's Crystal Spear  Conj/Erth      3%         10d3      100%        8
 Dragon's Call            Summ           5%         N/A       100%        9


Dungeon Overview and Level Annotations

Branches:
Dungeon (15/15)            Temple (1/1) D:4            Lair (5/5) D:8
 Shoals (0/4) Lair:3       Spider (4/4) Lair:3        Slime (0/5) Lair:4
    Orc (2/2) D:11            Elf (0/3) Orc:2        Vaults (1/5) D:14
 Depths (0/4) D:15          Sewer (visited)          Bailey (visited)
  IceCv (visited)         Volcano (visited)

Altars:
Ashenzari
Cheibriados
Dithmenos
Fedhas
Gozag
Hepliaklqana
Kikubaaqudgha
Makhleb
Nemelex Xobeh
Okawaru
Qazlal
Ru
Sif Muna
Trog
Uskayaw
Vehumet
Wu Jian
Xom
Yredelemnul
Lugonu

Shops:
D:1 (   D:4 *   D:12 !   D:15 (   Orc:1 (   Orc:2 !*:[   Vaults:1 [

Portals:
Pandemonium: Orc:2

Annotations:
D:3 2 transporters


Innate Abilities, Weirdness & Mutations

Your life essence is reduced to manifest your ancestor. (-10% HP)
You have a pair of large antennae on your head. (SInv)
A demonic guardian rushes to your aid.
When hurt, damage is shared between your health and your magic reserves.
You regenerate magic rapidly.
Your movements are significantly less encumbered by armour. (ER -6)
You have sharp toenails.


Message History

You puncture the slime creature!
The slime creature is moderately wounded.
Bojana hits the slime creature with a +0 broad axe of flaming!!
Bojana burns the slime creature!
You hit the slime creature.
You feel better.
The slime creature is almost dead.
The slime creature completely misses you.
Electricity crackles from the ironbound thunderhulk's apparatus.
The bolt of lightning hits you!!
You impale the slime creature!!
You kill the slime creature!
Electricity crackles from the ironbound thunderhulk's apparatus.
The bolt of lightning hits you!!!
You are too injured to fight recklessly!
You are too injured to fight recklessly!
Bojana hits the slime creature with a +0 broad axe of flaming!
Bojana burns the slime creature.
Bojana barely misses the slime creature. x2
There is an open door here.
Electricity crackles from the ironbound thunderhulk's apparatus.
The bolt of lightning hits you!!!
* * * LOW HITPOINT WARNING * * *
A demonic guardian appears!
The slime creature hits Bojana but does no damage.
Your sixfirhy barely misses the slime creature.
Your sixfirhy hits the slime creature!
Your sixfirhy shocks the slime creature!
Your sixfirhy hits the slime creature.
Your sixfirhy shocks the slime creature!
Your sixfirhy hits the slime creature.
Your sixfirhy shocks the slime creature!
The slime creature attacks as it pursues you!
The slime creature closely misses you.
Your sixfirhy hits the slime creature!
Your sixfirhy shocks the slime creature!
The slime creature attacks as it pursues you!
You block the slime creature's attack.
Electricity crackles from the ironbound thunderhulk's apparatus.
The bolt of lightning hits you!!!
You die...

#..........# {
#..........# ,{..
#...∩......# ,J.
#..........########'###
#..>.......#...........
#..........#...........
#..........#RO.........
#.........3J..J[.......
#.....@JJ..#...........
#####'######...........
##.#.# #...........
#....## #...........
##.#.#.# #..(.......|
#......###..........
##.#.#.#.##........
#......[.## #.#..#..#.#


You could see the friendly Bojana the knight, an ironbound thunderhulk (ally
target), 3 slime creatures and a friendly sixfirhy (summoned).

Vanquished Creatures
  Agnes (Spider:4)
  Kirke (D:12)
  4 emperor scorpions
  Louise (D:15)
  An orc warlord (Vaults:1)
  A ghost moth (Spider:2)
  An ironbound preserver (D:14)
  A reaper (IceCv)
  5 broodmothers
  A formless jellyfish (D:14)
  A spark wasp (Spider:3)
  An entropy weaver (Spider:2)
  Josephine (D:13)
  A yaktaur captain (Vaults:1)
  The ghost of crawlacc the Cleaver, a journeyman MiFi of Makhleb (D:11)
  2 great orbs of eyes
  2 jorogumos
  3 hydras
  A radroach (Spider:4)
  An ironbound frostheart (D:14)
  A boulder beetle (D:8)
  2 catoblepae
  7 centaur warriors
  5 two-headed ogres
  A tengu warrior (D:14)
  A deep troll earth mage (D:15)
  A deep troll shaman (Lair:5)
  6 death yaks (Lair:5)
  4 demonic crawlers
  5 orc high priests (Orc:2)
  Sonja (Orc:2)
  A skyshark (Lair:5)
  A soul eater (Orc:2)
  3 sixfirhies
  2 pharaoh ants (Spider:4)
  8 orb spiders
  Lodul (D:10)
  A sun moth (Lair:3)
  9 skeletal warriors
  4 deep trolls
  An arcanist (Vaults:1)
  A deep elf archer (Volcano)
  An ironbound convoker (Vaults:1)
  7 steelbarb worms
  9 orc knights
  11 wolf spiders
  A necromancer (D:14)
  5 orc sorcerers
  Pikel (D:6)
  8 deep elf pyromancers
  4 ugly things
  6 cyclopes
  4 elephants (Lair:5)
  6 manticores
  4 torpor snails
  4 black mambas
  3 kobold blastminers
  A vault sentinel (Vaults:1)
  An orange demon (D:8)
  5 centaur zombies (D:12)
  2 smoke demons
  An ice statue (IceCv)
  2 gargoyles
  5 cane toads
  2 unseen horrors (D:11)
  Maggie (Lair:1)
  7 komodo dragons
  4 kobold demonologists (D:14)
  2 tengu conjurers
  2 ice devils
  3 rime drakes
  An anaconda simulacrum (IceCv)
  9 trolls
  2 red devils (D:9)
  4 meliai
  5 polar bears
  10 tarantellas
  A queen bee (shapeshifter) (D:13)
  2 hornets
  19 blink frogs
  A hellwing (D:9)
  A snapping turtle (Lair:3)
  4 dream sheep (Lair:5)
  2 meliai zombies (D:12)
  14 culicivoras
  16 jumping spiders
  2 centaur simulacra (D:11)
  4 vampires (D:12)
  6 slime creatures
  8 wraiths
  4 shadows
  7 fire elementals (Volcano)
  2 wyverns
  A water elemental (Lair:3)
  41 yaks
  2 basilisks
  2 steam dragons
  2 hogs (D:12)
  37 redbacks
  2 death yak simulacra (IceCv)
  2 wargs
  11 vampire mosquitoes
  3 harpy simulacra (IceCv)
  14 water moccasins
  Duvessa (D:6)
  An acid dragon (D:11)
  3 hell hounds (Volcano)
  6 ice beasts
  24 orc warriors
  A sky beast (D:7)
  2 black bears (D:5)
  9 centaurs
  10 wolves
  13 ogres
  2 lemures (D:6)
  2 phantoms
  3 kobold brigands
  10 bullfrogs
  6 two-headed ogre simulacra (IceCv)
  A gnoll sergeant (D:8)
  A cane toad simulacrum (IceCv)
  5 scorpions
  5 wights (D:7)
  Dowan (D:6)
  4 killer bees (D:10)
  An elephant simulacrum (IceCv)
  A troll zombie (D:11)
  3 jellies
  2 electric eels
  2 howler monkeys
  7 quasits
  22 orc priests
  3 hounds (D:5)
  Jessica (D:1)
  2 iguanas (D:5)
  Terence (D:2)
  14 orc wizards
  3 troll simulacra (IceCv)
  7 hell rats
  A polar bear simulacrum (IceCv)
  6 spriggan simulacra (IceCv)
  4 ogre zombies (D:11)
  Robin (D:1)
  3 gnolls (D:8)
  3 naga simulacra (IceCv)
  16 adders
  16 white imps
  5 ufetubi (IceCv)
  3 worms
  2 dart slugs
  79 orcs
  9 ball pythons
  7 endoplasms
  10 giant cockroaches
  17 goblins
  10 hobgoblins
  6 quokkas
  2 training dummies (D:15)
  4 bats
  7 frilled lizards
  5 gnoll zombies (D:11)
  11 kobolds
  11 orc zombies (D:11)
  3 rats
870 creatures vanquished.

Vanquished Creatures (collateral kills)
  Arachne (Spider:4)
  Gastronok (D:9)
  An emperor scorpion (Spider:4)
  2 broodmothers
  An ironbound preserver (Vaults:1)
  An entropy weaver (Spider:4)
  A catoblepas (Lair:3)
  A two-headed ogre (D:14)
  2 demonspawn (Orc:2)
  An ironbound frostheart (D:14)
  2 boulder beetles
  A radroach (Spider:1)
  2 demonic crawlers (Spider:1)
  A skyshark (Lair:2)
  A sun moth (Spider:4)
  6 deep trolls
  A lindwurm (Lair:5)
  7 orb spiders
  An arcanist (Vaults:1)
  A deep elf pyromancer (Volcano)
  3 orc sorcerers
  4 orc knights
  5 wolf spiders
  2 cyclopes
  A manticore (D:13)
  3 elephants (Lair:4)
  A black mamba (Lair:4)
  3 kobold blastminers (Orc:1)
  2 torpor snails
  5 centaur zombies (D:12)
  An orange demon (D:9)
  2 cane toads
  2 komodo dragons
  An ice devil (D:8)
  An anaconda simulacrum (IceCv)
  2 meliai (Spider:3)
  A red devil (D:9)
  A hellwing (Orc:2)
  9 blink frogs
  2 polar bears (Lair:3)
  2 dream sheep (Lair:5)
  7 tarantellas
  4 jumping spiders
  A slime creature (D:12)
  4 vampires
  A dire elephant simulacrum (IceCv)
  9 yaks
  9 culicivoras
  3 wyverns
  A wraith (D:12)
  Grum (D:8)
  15 redbacks
  A chaos spawn (D:8)
  3 vampire mosquitoes
  2 acid dragons
  A water moccasin (Lair:4)
  15 orc warriors
  2 ogres
  3 wolves
  A centaur (D:15)
  2 bullfrogs
  A scorpion (D:7)
  3 two-headed ogre simulacra (IceCv)
  A cane toad simulacrum (IceCv)
  A wight (D:10)
  2 killer bees (D:10)
  2 electric eels
  3 orc priests
  3 orc wizards
  A polar bear simulacrum (IceCv)
  A spriggan simulacrum (IceCv)
  6 hell rats
  2 troll simulacra (IceCv)
  An ogre zombie (D:11)
  A gnoll (D:8)
  2 naga simulacra (IceCv)
  5 white imps
  27 orcs
  A goblin (D:8)
  6 kobolds
  A training dummy (D:15)
  3 orc zombies (D:11)
246 creatures vanquished.

Vanquished Creatures (others)
  A ghost moth (Spider:4)
  A yak (D:12)
  2 humans (D:12)
  A redback (Spider:2)
  34 knights
  An orc wizard (D:3)
  5 ancestors
  An orc (D:13)
  A quokka (D:6)
47 creatures vanquished.

Grand Total: 1163 creatures vanquished

Notes
Turn   | Place    | Note
-------+----------+-------------------------------------------
     0 | D:1      | inmateoo the Demonspawn Gladiator began the quest for the
                  | Orb.
     0 | D:1      | Reached XP level 1. HP: 16/16 MP: 1/1
   153 | D:1      | Gained mutation: You have a pair of small antennae on your
                  | head. [demonic ancestry]
   153 | D:1      | Reached XP level 2. HP: 22/22 MP: 2/2
   163 | D:1      | Reached skill level 3 in Polearms
   481 | D:1      | Found Utwint's Antique Weapon Shoppe.
   748 | D:2      | Noticed Robin
   784 | D:1      | Reached XP level 3. HP: 14/28 MP: 3/3
   850 | D:1      | Reached skill level 1 in Armour
   880 | D:1      | Killed Robin
   999 | D:2      | Noticed Jessica
  1013 | D:1      | Killed Jessica
  1014 | D:1      | Gained mutation: Your movements are slightly less
                  | encumbered by armour. (ER -2) [demonic ancestry]
  1014 | D:1      | Reached XP level 4. HP: 26/34 MP: 4/4
  1407 | D:2      | Noticed Terence
  1423 | D:2      | Killed Terence
  1424 | D:2      | Gained mutation: You regenerate magic rapidly. [demonic
                  | ancestry]
  1424 | D:2      | Reached XP level 5. HP: 21/40 MP: 5/5
  1638 | D:3      | Found a radiant altar of Vehumet.
  1651 | D:3      | Reached skill level 4 in Polearms
  1941 | D:3      | Found a transporter.
  1949 | D:3      | Found a transporter.
  2018 | D:3      | Found a faded altar of an unknown god.
  2020 | D:3      | Noticed a centaur
  2035 | D:3      | Killed a centaur
  2036 | D:3      | Gained mutation: You have a pair of antennae on your head.
                  | [demonic ancestry]
  2036 | D:3      | Reached XP level 6. HP: 18/47 MP: 6/6
  2437 | D:4      | Noticed a steam dragon
  2457 | D:4      | Killed a steam dragon
  2754 | D:4      | Reached skill level 5 in Polearms
  2754 | D:4      | Reached XP level 7. HP: 51/53 MP: 7/7
  2954 | D:4      | Found Ea-nāṣir's Fine Metal Goods.
  3136 | D:4      | Found a staircase to the Ecumenical Temple.
  3405 | Temple   | Entered the Ecumenical Temple
  3438 | Temple   | Became a worshipper of Hepliaklqana the Forgotten
  3510 | D:5      | Entered Level 5 of the Dungeon
  4856 | D:5      | Reached skill level 6 in Polearms
  4856 | D:5      | Gained mutation: A weak demonic guardian rushes to your
                  | aid. [demonic ancestry]
  4856 | D:5      | Reached XP level 8. HP: 52/61 MP: 8/8
  5177 | D:5      | Noticed a hornet
  5186 | D:5      | Paralysed by a hornet for 2 turns
  5193 | D:5      | Killed a hornet
  5496 | D:6      | Reached skill level 5 in Fighting
  5496 | D:6      | Reached skill level 5 in Dodging
  5617 | D:6      | Found a glowing drain.
  5622 | Sewer    | Entered a sewer
  5646 | Sewer    | Reached skill level 7 in Polearms
  5849 | Sewer    | Found the dreamshard necklace {Acrobat *Dream}
  6343 | D:6      | Gained mutation: You have a pair of large antennae on your
                  | head. (SInv) [demonic ancestry]
  6343 | D:6      | Reached XP level 9. HP: 58/68 MP: 9/9
  6637 | D:6      | Reached * piety under Hepliaklqana
  6644 | D:6      | You fall into a shaft and drop 1 floor!
  6759 | D:6      | Found a shimmering altar of Xom.
  7062 | D:6      | Reached skill level 5 in Armour
  7246 | D:6      | Reached skill level 8 in Polearms
  7441 | D:7      | Noticed Duvessa
  7441 | D:7      | Noticed Dowan
  8307 | D:6      | Killed Duvessa
  8313 | D:6      | Killed Dowan
  8575 | D:7      | Noticed Pikel
  8734 | D:6      | Killed Pikel
  8735 | D:6      | Gained mutation: Your movements are less encumbered by
                  | armour. (ER -4) [demonic ancestry]
  8735 | D:6      | Reached XP level 10. HP: 28/69 MP: 10/10
  8875 | D:7      | Reached skill level 9 in Polearms
  9398 | D:8      | Reached ** piety under Hepliaklqana
  9399 | D:8      | Remembered your ancestor Bojana as a knight
  9453 | D:8      | Noticed a boulder beetle
  9518 | D:8      | Killed a boulder beetle
  9610 | D:8      | Found a flagged portal.
  9629 | Bailey   | Entered a bailey
  9771 | Bailey   | Noticed an orc knight
  9814 | Bailey   | Killed an orc knight
  9815 | Bailey   | Reached skill level 1 in Invocations
  9950 | Bailey   | Noticed an orc knight
 10033 | Bailey   | Killed an orc knight
 10189 | Bailey   | Noticed an orc knight
 10200 | Bailey   | Killed an orc knight
 10201 | Bailey   | Reached skill level 10 in Polearms
 10466 | D:8      | Noticed Grum
 10471 | D:8      | Killed Grum
 10476 | D:8      | Found a staircase to the Lair.
 10560 | D:8      | Found a snail-covered altar of Cheibriados.
 10835 | D:9      | Noticed a two-headed ogre
 10837 | D:9      | Noticed a smoke demon
 10838 | D:9      | Noticed an orange demon
 10845 | D:9      | Noticed Gastronok
 10867 | D:9      | Reached XP level 11. HP: 73/77 MP: 13/13
 10875 | D:8      | Killed a two-headed ogre
 11672 | D:9      | Killed Gastronok
 12021 | D:9      | Upgraded the game from 0.31-a0-1134-gb247575874 to
                  | 0.31-a0-1144-g99969ba1bc
 12153 | D:9      | Reached skill level 5 in Invocations
 12219 | D:9      | Found a shimmering blue altar of Sif Muna.
 12267 | D:9      | Identified the +7 quarterstaff "Kamuipna" {elec, rPois rC-
                  | rN+}
 12359 | D:9      | Noticed a sixfirhy
 12453 | D:8      | Killed a sixfirhy
 12454 | D:8      | Reached skill level 11 in Polearms
 12579 | D:9      | Noticed a sixfirhy
 12587 | D:9      | Killed a sixfirhy
 12617 | D:9      | Noticed a +0 hand axe
 12617 | D:9      | Noticed a +0 dagger
 12618 | D:9      | Found a hide-covered altar of Uskayaw.
 13198 | D:10     | Entered Level 10 of the Dungeon
 13198 | D:10     | Noticed a two-headed ogre
 13204 | D:10     | Killed a two-headed ogre
 13282 | D:10     | Noticed an eight-headed hydra
 13300 | D:10     | Killed an eight-headed hydra
 13301 | D:10     | Gained mutation: When hurt, damage is shared between your
                  | health and your magic reserves. [demonic ancestry]
 13301 | D:10     | Reached XP level 12. HP: 33/84 MP: 16/16
 13663 | D:10     | Reached *** piety under Hepliaklqana
 13747 | D:10     | Found the +1 robe of Vines {NoPotionHeal Regen++++}
 13884 | D:10     | Noticed Lodul
 14343 | D:10     | Killed Lodul
 14714 | D:11     | Found a runed translucent gate.
 14714 | D:11     | Found a runed translucent gate.
 14714 | D:11     | Found a runed translucent gate.
 14761 | D:11     | Noticed crawlacc's ghost (journeyman MiFi)
 14805 | D:11     | Found a staircase to the Orcish Mines.
 14829 | D:11     | Reached skill level 12 in Polearms
 15069 | D:11     | Reached **** piety under Hepliaklqana
 15843 | D:11     | Killed crawlacc's ghost
 15956 | D:12     | Found a frozen archway.
 16012 | D:12     | Reached skill level 1 in Shields
 16123 | IceCv    | Entered an ice cave
 16818 | IceCv    | Noticed a reaper
 17091 | IceCv    | Killed a reaper
 17305 | IceCv    | Identified the +3 long sword "Thing" {heavy, *Rage rElec
                  | rN+ MP+9}
 17396 | D:12     | Reached XP level 13. HP: 88/92 MP: 19/19
 17526 | D:12     | Reached skill level 10 in Fighting
 17777 | D:12     | Found Caaceet's Distillery.
 17786 | D:12     | Bought a potion of brilliance for 64 gold pieces
 17786 | D:12     | Bought a potion of mutation for 128 gold pieces
 17786 | D:12     | Bought a potion of lignification for 48 gold pieces
 17786 | D:12     | Bought a potion of haste for 160 gold pieces
 17786 | D:12     | Bought a potion of haste for 160 gold pieces
 17786 | D:12     | Bought a potion of curing for 48 gold pieces
 17786 | D:12     | Bought a potion of attraction for 48 gold pieces
 17820 | D:12     | Noticed Kirke
 17844 | D:12     | Killed Kirke
 17866 | D:12     | Reached skill level 13 in Polearms
 18475 | D:13     | Reached skill level 5 in Shields
 18506 | D:13     | Noticed Josephine
 18520 | D:13     | Killed Josephine
 19274 | D:13     | Reached ***** piety under Hepliaklqana
 19480 | D:14     | Found a corrupted altar of Lugonu.
 19934 | D:14     | Reached skill level 10 in Invocations
 19934 | D:14     | Gained mutation: Your movements are significantly less
                  | encumbered by armour. (ER -6) [demonic ancestry]
 19934 | D:14     | Reached XP level 14. HP: 94/99 MP: 19/21
 19940 | D:14     | Learned a level 4 spell: Olgreb's Toxic Radiance
 19944 | D:14     | Learned a level 3 spell: Ignite Poison
 20313 | D:14     | Reached skill level 10 in Dodging
 20321 | D:14     | Reached skill level 1 in Poison Magic
 20473 | D:14     | Found a gate to the Vaults.
 20505 | D:14     | Reached skill level 1 in Spellcasting
 20510 | D:14     | Reached skill level 1 in Fire Magic
 20775 | D:15     | Entered Level 15 of the Dungeon
 21214 | D:15     | Identified a scroll of acquirement
 21214 | D:15     | Acquired the +1 pair of gloves of Ynynwolys {Contam +Blink
                  | rCorr}
 21236 | D:15     | Found Macvat's Firing Range.
 21295 | D:15     | Noticed Louise
 21338 | D:15     | Killed Louise
 21339 | D:15     | Reached skill level 14 in Polearms
 22077 | D:14     | Reached skill level 10 in Armour
 22325 | D:15     | Found a staircase to the Depths.
 22568 | D:15     | Bought 2 throwing nets for 72 gold pieces
 22744 | Lair:1   | Entered Level 1 of the Lair of Beasts
 22926 | Lair:1   | Noticed Maggie
 22935 | Lair:1   | Killed Maggie
 23813 | Lair:2   | Reached XP level 15. HP: 105/107 MP: 23/23
 23840 | Lair:2   | You fall into a shaft and drop 1 floor!
 23886 | Lair:3   | Learned a level 4 spell: Summon Lightning Spire
 23892 | Lair:3   | Learned a level 5 spell: Borgnjor's Vile Clutch
 24030 | Lair:3   | Found a hole to the Spider Nest.
 24291 | Lair:3   | Found a staircase to the Shoals.
 24998 | Lair:2   | Reached ****** piety under Hepliaklqana
 25383 | Lair:4   | Reached skill level 1 in Air Magic
 25388 | Lair:4   | Reached skill level 1 in Earth Magic
 25409 | Lair:4   | Reached skill level 1 in Summonings
 25573 | Lair:4   | Identified the +0 scale mail of Essopelo {rC+ Regen+ rCorr}
 25680 | Lair:4   | Found a staircase to the Slime Pits.
 25789 | Lair:4   | Identified the +7 rapier of Pyjaim {chaos, Contam rPois
                  | rCorr Str-3}
 26133 | Lair:5   | Entered Level 5 of the Lair of Beasts
 26376 | Lair:5   | Found a dark tunnel.
 26383 | Volcano  | Entered a volcano
 27862 | Orc:1    | Entered Level 1 of the Orcish Mines
 27894 | Orc:1    | Reached skill level 15 in Polearms
 28137 | Orc:1    | Found Tije's Weapon Emporium.
 28158 | Orc:1    | Reached XP level 16. HP: 112/114 MP: 24/24
 28336 | Orc:2    | Entered Level 2 of the Orcish Mines
 28336 | Orc:2    | Noticed Sonja
 28339 | Orc:2    | Killed Sonja
 28891 | Orc:2    | Found a staircase to the Elven Halls.
 28899 | Orc:2    | Found Xirphalof's General Store.
 28916 | Orc:2    | Found Riun's Distillery.
 29072 | Orc:2    | Bought a potion of might for 68 gold pieces
 29074 | Orc:2    | Bought a potion of degeneration for 15 gold pieces
 29183 | Orc:2    | Reached skill level 5 in Poison Magic
 29432 | Orc:2    | Found Muitzuod's Book Emporium.
 29432 | Orc:2    | Found Liediog's Antique Armour Shoppe.
 29433 | Orc:2    | Found a one-way gate leading to the halls of Pandemonium.
 29781 | Spider:1 | Entered Level 1 of the Spider Nest
 32021 | Spider:2 | Reached skill level 5 in Spellcasting
 32107 | Spider:2 | Reached skill level 5 in Fire Magic
 32811 | Spider:2 | Reached skill level 10 in Shields
 34058 | Spider:3 | Gained mutation: A demonic guardian rushes to your aid.
                  | [demonic ancestry]
 34058 | Spider:3 | Reached XP level 17. HP: 20/119 MP: 14/26
 34379 | Spider:3 | Identified the +0 helmet of Hukk {Harm rElec Int-3}
 35625 | Spider:4 | Entered Level 4 of the Spider Nest
 35680 | Spider:4 | Noticed Agnes
 35695 | Spider:4 | Killed Agnes
 35734 | Spider:4 | Noticed Arachne
 35755 | Spider:4 | Killed Arachne
 36345 | Spider:4 | Gained mutation: You occasionally lose the ability to drink
                  | potions when taking damage. [mutagenic glow]
 36393 | Spider:4 | Lost mutation: You occasionally lose the ability to drink
                  | potions when taking damage. [potion of mutation]
 36393 | Spider:4 | Gained mutation: You have sharp toenails. [potion of
                  | mutation]
 37152 | Spider:4 | Reached skill level 5 in Summonings
 37315 | Spider:4 | Got a gossamer rune of Zot
 37316 | Spider:4 | Identified the +1 pair of gloves of the Bull {Int+3}
 37726 | Vaults:1 | Entered Level 1 of the Vaults
 37764 | Vaults:1 | Reached skill level 16 in Polearms
 37830 | Vaults:1 | HP: 6/121 [ironbound frostheart (1)]
 37830 | Vaults:1 | Saved by the dreamshard amulet
 37836 | D:14     | Paralysed by a formless jellyfish for 1 turns
 37837 | D:14     | HP: 6/121 [formless jellyfish (16)]
 37839 | D:14     | Paralysed by a formless jellyfish for 1 turns
 38332 | Vaults:1 | Found Opelaxew's Antique Armour Emporium.
 38420 | Vaults:1 | Reached skill level 5 in Air Magic
 38473 | Vaults:1 | Killed from afar by an ironbound thunderhulk

Illustrated notes

Levels and vault maps discovered:
D:1:      psy_arrival_terrarium, layout_rooms, serial_shops, shop
D:2:      layout_basic, uniq_robin, uniq_jessica, uniq_terence
D:3:      gammafunk_wand_slinger, layout_basic,
          mainiacjoe_overflow_surrounded_room, shapermc_ecumenical_altar_venn,
          dk_vineyard_1, kennysheep_generic_room_14
D:4:      layout_cave_pods, minmay_temple_entry_grid,
          nicolae_ea-nasir_strikes_again
D:5:      layout_gridville
D:6:      layout_loops_ring, mainiacjoe_overflow_six_doors_small,
          elyvilon_altar_4, portal_sewer_entry_e
D:7:      layout_cave_pools, uniq_pikel, uniq_duvessa
D:8:      layout_loops_ring, cheibriados_altar_1, david_lair_shrubbed,
          enter_bailey_5, uniq_grum
D:9:      layout_loops_ring, mainiacjoe_overflow_chevrons,
          dancing_weapons_uskayaw, nicolae_overflow_crystal_walls,
          serial_demonic, serial_demonic_f, serial_demonic_d, serial_demonic_d,
          serial_demonic_f, serial_demonic_d, serial_demonic_d,
          serial_demonic_g, serial_demonic_b, serial_demonic_d,
          serial_demonic_b, uniq_gastronok
D:10:     minmay_evil_eye, layout_long_grid, grunt_decor_mini_mirrors,
          hellmonk_guarded_unrand_vines, uniq_lodul
D:11:     layout_small_grid, zombieorc1_lemuel, gammafunk_ghost_icy
D:12:     layout_basic, portal_ice_cave_entry_imps, serial_shops,
          nicolae_shop_industrial_runoff, serial_undead, serial_undead_f,
          serial_undead_b, serial_undead_a, serial_undead_c, serial_undead_a,
          serial_undead_a, uniq_kirke
D:13:     layout_layer_cave, tso_oasis_becter, uniq_josephine
D:14:     kennysheep_kobold_lugonu_temple, layout_loops_ring, david_vaults_1,
          serial_bayou_ford_a
D:15:     hellmonk_depths_entry_around_the_bend, layout_loops_corners,
          fountainhead, minivault_22, nicolae_shop_firing_range, uniq_louise
Temple:   regret_index_temple_generic_petals
Lair:1:   layout_gridlike, infiniplex_staircase_pool_2, grunt_megastairs_1,
          uniq_maggie
Lair:2:   layout_chaotic_city, lemuel_fruit_tree, serial_bayou_shore_a,
          grunt_megastairs_5
Lair:3:   nzn_motion_control, layout_regular_city, minmay_shoals_entry_hut,
          spider_nest_entry_a
Lair:4:   layout_concentric_octagons, slime_entry_1, grunt_megastairs_4
Lair:5:   grunt_lair_end_beastmaster, layout_small_grid,
          nicolae_volcano_entry_hallway
Spider:1: layout_spider_delve, drop_trap, hellmonk_test_site
Spider:2: layout_cave_pods
Spider:3: layout_spider_delve
Spider:4: hellmonk_spider_rune_endless_swarm,
          hangedman_spider_tarantella_strand, uniq_agnes, uniq_arachne
Orc:1:    layout_caves, serial_shops, nicolae_shop_bloodbath_and_beyond,
          minmay_orc_keep
Orc:2:    pf_orc_diabolical, layout_caves, basic_altar, uniq_sonja
Vaults:1: nicolae_vaults_closet_pinwheel_1,
          vaults_standard_mumra_enter_the_diamond, ontoclasm_vaults_ring_square,
          nicolae_vaults_apartment_1, nicolae_vaults_frosty_reception,
          nicolae_vaults_shock_wave, nicolae_vaults_shelves_hall,
          dpeg_vaults_monster_box, layout_vaults_maze_snakey, serial_shops, shop

Skill      XL: |  1  2  3  4  5  6  7  8  9 10 11 12 13 14 15 16 17 |
---------------+----------------------------------------------------+-----
Polearms       | 3 4 5 6 7 8 10 11 12 13 14 15 16 | 16.1
Dodging        | 3 4 5 6 7 8 9 10 11 | 11.7
Armour         | 1 2 3 4 5 6 7 8 9 10 11 | 11.4
Fighting       | 3 4 5 6 7 8 9 10 11 12 | 12.7
Invocations    | 3 6 8 10 11 12 13 | 13.1
Shields        | 2 6 7 9 10 11 | 11.1
Poison Magic   | 3 4 5 6 |  6.0
Spellcasting   | 3 4 5 6 |  6.2
Fire Magic     | 2 4 5 |  5.0
Air Magic      | 2 3 5 |  5.0
Earth Magic    | 2 3 4 |  4.9
Summonings     | 2 4 5 |  5.0
Throwing       | |  1.7

Action                     |  1- 3 |  4- 6 |  7- 9 | 10-12 | 13-15 | 16-18 || total
---------------------------+-------+-------+-------+-------+-------+-------++-------
  Melee: Trident           |   119 |   176 |   530 |   855 |  1821 |  1537 ||  5038
         Punch             |       |     1 |    12 |     6 |       |       ||    19
  Throw: Throwing net      |       |       |     1 |     2 |       |       ||     3
   Cast: Olgreb's Toxic Ra |       |       |       |       |       |     1 ||     1
 Invoke: Recall Ancestor   |       |       |     3 |     8 |     2 |     3 ||    16
         Ancestor Life: Kn |       |       |       |     1 |       |       ||     1
         Idealise          |       |       |       |     1 |     1 |     1 ||     3
  Evoke: Wand              |       |       |    10 |     9 |     4 |       ||    23
    Use: Scroll            |     2 |     6 |     7 |    15 |     9 |     4 ||    43
         Potion            |       |       |     1 |       |       |     6 ||     7
   Stab: Sleeping          |     1 |       |     1 |     1 |     2 |     1 ||     6
         Distracted        |       |       |     2 |    10 |     9 |    10 ||    31
         Petrified         |       |       |       |       |    26 |       ||    26
         Petrifying        |       |       |       |       |     3 |       ||     3
 Armour: Leather armour    |    59 |    25 |       |       |       |   401 ||   485
         Ring mail         |       |   103 |   346 |   213 |   541 |       ||  1203
         Chain mail        |       |       |       |    66 |       |       ||    66
         Ice dragon scales |       |       |       |    36 |       |       ||    36
         Scale mail        |       |       |       |       |   141 |   386 ||   527
  Dodge: Dodged            |    76 |    88 |   409 |   475 |   791 |   949 ||  2788
  Block: Buckler           |       |       |       |    12 |   440 |   492 ||   944

Table legend: (Time is in decaauts)
 A = Elapsed time spent in this place.
 B = Non-inter-level travel time spent in this place.
 C = Inter-level travel time spent in this place.
 D = Time resting spent in this place.
 E = Time spent auto-exploring this place.
 F = Levels seen in this place.
 G = Mean time per level.
                   A        B        C        D        E       F      G
               +--------+--------+--------+--------+--------+-----+--------+
         Total |  37302 |  35281 |   2021 |  12300 |  14654 |  32 | 1165.7 |
       Dungeon |  20634 |  19317 |   1317 |   7016 |   8245 |  15 | 1375.6 |
        Temple |     65 |      1 |     64 |      0 |      0 |   1 |   65.0 |
          Lair |   4863 |   4509 |    354 |    346 |   3087 |   5 |  972.6 |
   Spider Nest |   7167 |   6990 |    177 |   3826 |   1727 |   4 | 1791.8 |
  Orcish Mines |   1602 |   1496 |    106 |    171 |    855 |   2 |  801.0 |
        Vaults |    229 |    229 |      0 |      4 |     73 |   1 |  229.0 |
         Sewer |    670 |    670 |      0 |     64 |    381 |   1 |  670.0 |
        Bailey |    648 |    648 |      0 |    306 |     59 |   1 |  648.0 |
      Ice Cave |   1187 |   1187 |      0 |    529 |    203 |   1 | 1187.0 |
       Volcano |    231 |    231 |      0 |     38 |     23 |   1 |  231.0 |
               +--------+--------+--------+--------+--------+-----+--------+

Top non-repeatable levels by time:
     D:8: 2309 daAuts
     D:6: 2167 daAuts
Spider:1: 2150 daAuts
Spider:3: 2055 daAuts
     D:5: 1884 daAuts
    D:14: 1754 daAuts
    D:15: 1743 daAuts
     D:9: 1674 daAuts
Spider:4: 1583 daAuts
     D:4: 1477 daAuts
Spider:2: 1377 daAuts
  Lair:3: 1254 daAuts
  Lair:5: 1197 daAuts
   IceCv: 1187 daAuts
    D:12: 1172 daAuts
